[Event "French-ch U16-U18 2024"]
[Site "Agen"]
[Date "2024.04.14"]
[Round "1.11"]
[White "Diez, Agathe"]
[Black "Beil, Romane"]
[Result "1-0"]
[ECO "B01"]
[WhiteElo "1954"]
[BlackElo "1652"]
[Annotator "TA"]
[PlyCount "125"]
[EventDate "2024.04.14"]
[EventType "swiss"]
[EventCountry "FRA"]
[SourceTitle "playchess.com"]
[Source "ChessBase"]
[SourceQuality "1"]
[TimeControl "5400+30"]

1. e4 d5 2. exd5 Nf6 3. Bb5+ Nbd7 4. Nc3 a6 5. Be2 Nb6 6. Nf3 Nbxd5 7. d4 Nxc3 8. bxc3 {[%emt 0:00:21] The position is equal.} g6 9. Ne5 Be6 10. c4 Bg7 11. Rb1 (11. Bf4 $11) 11... Rb8 (11... Ne4 $1 $15 12. Qd3 (12. Rxb7 Bxe5 13. dxe5 Qxd1+ 14. Bxd1 O-O-O $17) 12... Bf5) 12. Bb2 (12. d5 $14 Ne4 13. Bb2) 12... O-O $11 13. O-O Nd7 14. f4 f6 (14... Nxe5 {should be considered.} 15. fxe5 c6) 15. Ng4 Nb6 16. Ne3 Bf7 17. f5 g5 (17... Na4 $11 {keeps the balance.}) 18. Ba3 Qd7 19. d5 Rbd8 (19... Na4 $16 {keeps fighting.}) 20. Bf3 Rfe8 21. Qd3 h5 22. h3 Bh6 23. Rfe1 Kh7 (23... Qa4 $16 24. c5 Nd7) 24. c3 ({White should try} 24. Rb3 $18) 24... Qa4 $16 25. Bc5 (25. Bb4 $16) 25... Qa5 $2 (25... Nd7 $11 {and Black stays safe.} 26. Bd4 c5) 26. Bd4 $18 Rg8 (26... Na4 $142 27. Rxb7 Kg7) 27. Qe4 (27. c5 $142 g4 28. hxg4) 27... Rge8 28. g4 h4 29. Re2 Rb8 $2 (29... Na4) 30. Reb2 Na4 31. Rb3 Nc5 32. Bxc5 Qxc5 33. Kg2 $2 (33. Rxb7 $18 Rxb7 34. Rxb7) 33... b6 34. Nc2 a5 35. Qd3 (35. Qd4 $16 {And now Qxc5 would win.} Qd6 36. Qf2) 35... Rbd8 (35... c6 $1 $14) 36. Nd4 $16 Qd6 37. Be4 {[%emt 0:00:25] Active counter play!} Qf4 38. Rf1 Qd6 39. Ne6 Bxe6 (39... Ra8 $142 40. Rbb1 a4) 40. fxe6+ Kg7 {[%emt 0:00:00] Black is weak on the light squares} (40... Kh8 $16 41. Qe3 Rg8) 41. Rf3 {[%emt 0:00:19] [#] Black must now prevent Bh7.} Rg8 (41... f5 $16) 42. Bh7 $18 {[%emt 0:00:20] White wants to mate with Qg6+.} Kh8 43. Bg6 (43. Bxg8 $18 {is more deadly.} Kxg8 44. Qe3) 43... Rdf8 44. Bf5 Rd8 45. Qd4 Rdf8 46. Rb5 Rc8 47. c5 Qd8 (47... bxc5 48. Qxc5 (48. Rxc5 a4 $18) 48... Rgd8) 48. cxb6 cxb6 49. Qxb6 ({Don't do} 49. Rxb6 Rc4 50. Qxc4 Qxb6) 49... Qe8 $2 (49... Qxb6 {is a better defense.} 50. Rxb6 Rge8) 50. Qxa5 Ra8 51. Qb4 Rxa2+ 52. Rf2 Rxf2+ 53. Kxf2 Qa8 {[%emt 0:00:17] Repels Rb7} 54. Ra5 (54. Qxe7 $142 Bg7 55. Qf7 Qe8 56. Qxe8 Rxe8 57. e7 Rxe7 58. Rb8+ Bf8 59. Rxf8+ Kg7 60. Rc8) 54... Qc8 55. Qxe7 {[%emt 0:00:37][%csl Gf5][%cal Re7h7] [#]} Rg7 56. Qxf6 {[%emt 0:00:25] White mates.} Qb8 57. e7 Qf4+ 58. Ke2 Qh2+ 59. Kd3 Qg3+ 60. Kd4 Qf4+ 61. Kc5 Qe3+ 62. Kc6 Qxe7 63. Ra8+ {[%emt 0:00:05] Weighted Error Value: White=0.45/Black=0.77.  Loses game:     	---       	Black=1      Missed win:     	White=1     	---        Mistake:       	White=7     	Black=13     Inaccurate:     	White=3     	Black=3      OK:         	White=13    	Black=8} 1-0

[Event "French-ch U16-U18 2024"]
[Site "Agen"]
[Date "2024.04.14"]
[Round "1.12"]
[White "Delestre, Zoe"]
[Black "Yaghi, leen"]
[Result "0-1"]
[ECO "B30"]
[WhiteElo "1621"]
[BlackElo "1941"]
[Annotator "TA"]
[PlyCount "74"]
[EventDate "2024.04.14"]
[EventType "swiss"]
[EventCountry "FRA"]
[SourceTitle "playchess.com"]
[Source "ChessBase"]
[SourceQuality "1"]
[TimeControl "5400+30"]

1. e4 c5 2. Nf3 Nc6 3. Bb5 Nf6 4. e5 Nd5 5. Bxc6 dxc6 6. Ng5 (6. d3 $11) 6... e6 ({Black should try} 6... Qc7 $17 7. O-O Qxe5) 7. d4 (7. d3 $11) 7... cxd4 8. Qxd4 {[%emt 0:02:53] Black has an edge.} Be7 9. f4 (9. Ne4 $15) 9... Qc7 10. Nd2 b6 11. a3 c5 12. Qe4 Bb7 {[%emt 0:01:04] [#] aiming for ...Bxg5.} 13. O-O Rd8 {[%emt 0:19:48] White must now prevent ...Bxg5.} 14. Ndf3 Nb4 15. Qe2 Ba6 16. c4 Nc6 $36 {[%emt 0:00:19][%mdl 2048] Black is more active.} 17. Be3 h6 {[%emt 0:12:49] White is now going downhill.} 18. Ne4 O-O 19. g4 {[%emt 0:06:15] [#]} (19. Rab1 $142) 19... Nd4 $1 $17 20. Qg2 (20. Bxd4 $17 {was forced.} cxd4 21. Rfd1) 20... Bxc4 $19 21. Rf2 Nxf3+ 22. Rxf3 Bd5 23. Rh3 (23. Nc3 $142 Bxf3 24. Qxf3) 23... Qc6 24. g5 Bxe4 {[%emt 0:00:28] A strong pair of Bishops.} 25. Qg3 hxg5 26. fxg5 Bf5 27. Rh5 Qe4 28. Bf4 Bg6 29. Rh4 Rd3 30. Qg4 Qd4+ 31. Kf1 Rd8 32. Re1 {[%emt 0:01:17] Repels Qe4} Qc4 33. Kf2 {[%emt 0:01:39] Prevents Re3.} Qd4+ 34. Kf1 Qxb2 35. Be3 {[%emt 0:00:30] Dodges R8d4} Qxe5 (35... Rxe3 $142 36. Rxe3 Rd4 37. Qe2 Qc1+ (37... Qxe2+ $2 38. Rxe2 Rxh4 39. Re3 $19) 38. Kg2 Rd2 (38... Rxh4 $2 39. Qe1 $19) 39. Rg4 Bxg5 (39... Rxe2+ $2 40. Rxe2 Qd1 41. Kf2 $19) 40. Kg3 Rxe2 (40... Bxe3 {gets mated.} 41. Qxe3 Rd3 42. Qxd3 Bxd3 43. h3 Qe3+ 44. Kh2 Bf1 45. Rg2 Bxg2 46. Kxg2 c4 47. h4 c3 48. h5 c2 49. h6 c1=Q 50. h7+ Kxh7 51. Kh2 Qcg1#) 41. Rxe2 Qg1+ (41... Qxa3+ $2 42. Kg2 $19) 42. Kf3 Qf1+ (42... Bh5 {is a self mate.} 43. Ree4 Bh4 44. Ke2 Bxg4+ 45. Rxg4 Qxg4+ 46. Kd2 c4 47. Kc3 Qe2 48. Kb4 a6 49. h3 Be1+ 50. Ka4 Qd1#) 43. Kg3 Qxe2 44. Rxg5 Be4 45. Rg4 Qe3+ 46. Kh4 Bf5 47. h3 a5 (47... Bxg4 48. Kxg4 g5 49. h4 Qf4+ 50. Kh3 Qf3+ 51. Kh2 gxh4 52. a4 h3 53. Kg1 Qg2#) 48. a4 Kh7 49. Rc4 Qxh3+ 50. Kg5 Qh6#) 36. Qh3 Qf5+ ({And not} 36... Bxg5 37. Rh8#) 37. Qxf5 Bxf5 {[%emt 0:01:44] Weighted Error Value: White=1.11/Black=0.67.  Loses game:     	White=1     	---        Mistake:       	White=4     	Black=1      Inaccurate:     	White=3     	---        OK:         	White=3     	Black=7      Best:        	White=1     	Black=1} 0-1

[Event "French-ch U16-U18 2024"]
[Site "Agen"]
[Date "2024.04.14"]
[Round "1.13"]
[White "Deladerriere, Calypso"]
[Black "Denis, Margot"]
[Result "1-0"]
[ECO "C10"]
[WhiteElo "1935"]
[BlackElo "1594"]
[Annotator "TA"]
[PlyCount "69"]
[EventDate "2024.04.14"]
[EventType "swiss"]
[EventCountry "FRA"]
[SourceTitle "playchess.com"]
[Source "ChessBase"]
[SourceQuality "1"]
[TimeControl "5400+30"]

1. e4 e6 2. Nf3 d5 3. Nc3 dxe4 4. Nxe4 Nd7 5. d4 Ngf6 6. Nxf6+ Nxf6 7. Bd3 c5 8. dxc5 Bxc5 9. O-O O-O 10. Bg5 Bd7 (10... b6 $11 {feels stronger.}) 11. Ne5 $14 Bc6 $2 (11... Be8 $14) 12. Nxc6 $18 {[%emt 0:02:24] White is winning.} bxc6 {[%emt 0:00:09] [#]} 13. Qf3 $2 ({White has to play} 13. Bxf6 $1 $18 Qxf6 14. Qh5) 13... Qd5 $11 14. Qf4 {[%emt 0:04:49][%cal Oa1d1] Threatens to win with Rad1!} ({Of course not} 14. Bxf6 Qxf3 15. gxf3 gxf6 $15) 14... Qd4 15. Qxd4 Bxd4 16. c3 Bc5 17. Rad1 Rfd8 18. Rd2 Rd7 $2 {[%emt 0:03:20][%mdl 8192] White now steadily converts the win.} (18... Rd5 $11 {and Black is okay.} 19. Bxf6 gxf6) 19. Bxf6 $18 gxf6 {[%emt 0:00:44] [#]} 20. Bxh7+ $1 Kxh7 21. Rxd7 {[%emt 0:00:11][%mdl 4096] Endgame. KRR-KRB} Kg6 22. Rc7 Rd8 23. Rxc6 Bb6 24. b4 Rd2 25. a4 f5 26. a5 Bd8 27. g3 Bf6 28. Rc1 Rb2 29. Rc7 Rb3 30. Rxa7 Bxc3 {[%emt 0:00:32] [#]} 31. Rxc3 $1 Rxc3 (31... Rxb4 32. Ra3) 32. b5 {[%emt 0:00:03][%cal Bb4b5,Bb5b6][%mdl 32] aiming for b6.} Kg5 33. b6 {[%emt 0:00:53][%cal Ob6b7] And now b7! would win.} Kg4 34. Kg2 e5 35. h3+ {[%emt 0:00:58] Weighted Error Value: White=0.25 (precise) /Black=0.88.  Loses game:     	---       	Black=2      Missed win:     	White=1     	---        Mistake:       	---       	Black=1      Inaccurate:     	White=1     	Black=2      OK:         	White=10    	Black=3      Best:        	White=1     	---        Brilliant:      	White=1     	---} 1-0

[Event "French-ch U16-U18 2024"]
[Site "Agen"]
[Date "2024.04.14"]
[Round "1.14"]
[White "Dartigues, Marie"]
[Black "Grimault, Leane"]
[Result "0-1"]
[ECO "B01"]
[WhiteElo "1570"]
[BlackElo "1930"]
[Annotator "TA"]
[PlyCount "68"]
[EventDate "2024.04.14"]
[EventType "swiss"]
[EventCountry "FRA"]
[SourceTitle "playchess.com"]
[Source "ChessBase"]
[SourceQuality "1"]
[TimeControl "5400+30"]

1. e4 g6 2. d4 d5 3. exd5 Qxd5 4. Nf3 Bg7 5. c4 Qd8 6. Nc3 Nh6 7. Be2 Nf5 8. d5 {[%emt 0:00:54] With the idea g4. The position is equal.} O-O 9. O-O e5 10. dxe6 Bxe6 11. Bf4 c6 12. Qxd8 Rxd8 13. Rad1 Nd7 14. Rd2 (14. Ne4 $11) 14... Nb6 $1 $15 15. c5 Nd5 16. Nxd5 Bxd5 17. Rfd1 Re8 18. b3 {[%emt 0:01:22] Black continues to play with concentration.} Re4 19. Bg3 Rae8 20. Kf1 Nxg3+ 21. fxg3 a5 22. Bd3 Re3 23. Rf2 Bf8 {[%emt 0:02:23] Black has more active pieces.} 24. Bc4 (24. Rc2 $17) 24... Bxc4+ $19 ({Don't do} 24... Bxc5 25. Bxd5 cxd5 26. Rfd2 $17) 25. bxc4 Bxc5 26. Rfd2 b6 27. Rd7 Rc3 28. Ng5 Rxc4 29. Nxf7 $2 {[%emt 0:00:53] [#]} (29. Rd8 Rxd8 30. Rxd8+ Kg7 31. Rd7) 29... Rf8 30. Ke2 Rxf7 31. Rxf7 Kxf7 32. Rd2 Re4+ 33. Kf3 Re1 34. Kf4 Be3+ {[%emt 0:00:26] Weighted Error Value: White=0.61/Black=0.08 (flawless) .  Mistake:       	White=3     	---        Inaccurate:     	White=3     	Black=1      OK:         	White=3     	Black=7      Best:        	---       	Black=3      Strong:       	---       	Black=1} 0-1

[Event "French-ch U16-U18 2024"]
[Site "Agen"]
[Date "2024.04.14"]
[Round "1.15"]
[White "Milojevic-Daim, Lola-Shaina"]
[Black "Ines, Tinaig"]
[Result "1/2-1/2"]
[ECO "C00"]
[WhiteElo "1867"]
[BlackElo "1556"]
[Annotator "NA RC"]
[PlyCount "203"]
[EventDate "2024.04.14"]
[EventType "swiss"]
[EventCountry "FRA"]
[SourceTitle "playchess.com"]
[Source "ChessBase"]
[SourceQuality "1"]
[TimeControl "5400+30"]

1. Nf3 Nf6 2. g3 d5 3. Bg2 Nc6 4. O-O e6 5. d3 Bd6 6. Nbd2 O-O 7. e4 Re8 {[%emt 0:04:54] C00: French: Unusual White 2nd moves.} 8. Re1 dxe4 9. dxe4 e5 10. Nc4 Be7 11. Nfxe5 Qxd1 12. Rxd1 Nxe5 13. Nxe5 Bd6 14. Nc4 Nxe4 15. Bxe4 Rxe4 16. Nxd6 cxd6 17. Bf4 Bg4 18. Rxd6 Rae8 19. Kg2 Re2 20. Rd2 Rxd2 21. Bxd2 Re2 22. Re1 Rxe1 23. Bxe1 Be6 24. a3 Bf5 25. c4 Bc2 26. b4 Bb3 27. c5 Ba4 28. Kf3 f6 29. Ke4 Bc6+ 30. Kd4 Kf7 31. Kc4 a6 32. Bd2 Ke6 33. Kd4 Kf5 34. h3 Ke6 35. g4 Kf7 36. g5 Kg6 37. Be3 (37. gxf6 $11 Kxf6 38. Bf4) 37... Kf5 38. h4 fxg5 (38... Kg4 $142) 39. Bxg5 g6 40. Be7 Ke6 41. Bd6 Kf6 42. Ke3 Bb5 43. c6 Bxc6 44. Kd4 Ke6 45. Bg3 b6 46. Bc7 b5 47. Kc5 Kd7 48. Kb6 Bd5 49. Bf4 Bb3 50. Kxa6 Ba4 51. Kb6 Ke6 52. Kc5 Kf5 53. Bg3 Ke6 54. Kc6 Ke7 55. Kd5 Kf6 56. Kd6 Bb3 57. Be5+ (57. Kc5 $5 Ba4 $8 58. Bf4 $11) 57... Kf7 58. Bd4 Ba4 59. Ke5 Bb3 60. Kf4 Ba4 61. Kg5 (61. Bc3 $14) 61... Kg8 (61... h5 $1 $11) 62. Kh6 Bb3 63. h5 Bc2 64. f4 Bd3 65. Kg5 Kf7 66. Bc3 Bc2 67. h6 Kg8 68. Kf6 Bd3 69. Ke7 Bc2 70. Kd6 Kf7 71. Bd4 Ba4 72. Ke5 Bc2 73. Bc3 Ke7 74. Bd4 (74. Kd5 $14 {deserves consideration.}) 74... Kf7 75. Bc5 Bd3 {[%emt 0:00:49] [#]} 76. a4 bxa4 77. Kd5 Kf6 78. Bd4+ $2 (78. Be3 $11) 78... Kf7 $2 (78... Kf5 $19 79. Be5 a3) 79. Kc5 a3 80. b5 Be4 81. Kd6 a2 82. b6 Bf3 83. Kc7 Ke7 84. b7 Bxb7 85. Kxb7 Kd7 86. Kb6 Kd6 87. Be5+ Ke6 88. Ba1 Kf5 89. Kc6 Kxf4 90. Kd5 Kg5 91. Bg7 a1=Q 92. Bxa1 Kxh6 93. Ke4 Kg5 94. Kf3 h5 95. Kg3 h4+ $11 96. Kh3 Kh5 97. Bf6 g5 98. Bxg5 Kxg5 99. Kh2 Kg4 100. Kg2 h3+ 101. Kh2 Kh4 102. Kh1 1/2-1/2

[Event "French-ch U16-U18 2024"]
[Site "Agen"]
[Date "2024.04.14"]
[Round "1.16"]
[White "Makkar, Rajat"]
[Black "Beaurain, Yanis"]
[Result "1-0"]
[ECO "D30"]
[WhiteElo "2452"]
[BlackElo "1770"]
[Annotator "RC"]
[PlyCount "43"]
[EventDate "2024.04.14"]
[EventType "swiss"]
[EventCountry "FRA"]
[SourceTitle "playchess.com"]
[Source "ChessBase"]
[SourceQuality "1"]
[TimeControl "5400+30"]

1. d4 d5 2. c4 e6 3. Nf3 a6 4. Bg5 Be7 5. Bxe7 Nxe7 6. Nbd2 c5 7. cxd5 cxd4 8. Qa4+ b5 9. Qxd4 O-O 10. dxe6 Bxe6 11. e3 Nbc6 12. Qxd8 Rfxd8 13. a3 h6 14. Be2 Nf5 15. O-O Ne5 16. Rfd1 Nd3 17. b4 Rac8 18. Ne4 Bc4 19. Rd2 Ne5 20. Nxe5 Rxd2 21. Bxc4 bxc4 22. Nxd2 1-0

[Event "French-ch U16-U18 2024"]
[Site "Agen"]
[Date "2024.04.14"]
[Round "1.17"]
[White "Sergent, Ziggy"]
[Black "Razafindratsima, Timothe"]
[Result "0-1"]
[ECO "B91"]
[WhiteElo "1766"]
[BlackElo "2438"]
[Annotator "TA"]
[PlyCount "40"]
[EventDate "2024.04.14"]
[EventType "swiss"]
[EventCountry "FRA"]
[SourceTitle "playchess.com"]
[Source "ChessBase"]
[SourceQuality "1"]
[TimeControl "5400+30"]

1. e4 c5 2. Nf3 d6 3. d4 cxd4 4. Nxd4 Nf6 5. Nc3 a6 6. g3 e5 7. Nde2 Be7 8. Bg2 O-O 9. O-O b5 10. Nd5 Nxd5 11. Qxd5 Ra7 12. Be3 {[%emt 0:10:29] The position is equal.} Rb7 13. c3 Nd7 14. h3 h5 15. Nc1 (15. Qd2 $11) 15... h4 16. a4 (16. Qd2 $1 $15) 16... hxg3 17. fxg3 Nb6 18. Bxb6 (18. Qd3 $17) 18... Qxb6+ $19 19. Kh2 bxa4 20. Nd3 $2 {[%emt 0:00:00] [#]} (20. Qd3) 20... Be6 {[%emt 0:00:16] Black took control after the opening.   Weighted Error Value: White=0.92/Black=0.07 (flawless) .  Mistake:       	White=4     	---        Inaccurate:     	White=1     	---        OK:         	White=1     	Black=5      Best:        	---       	Black=1} 0-1

[Event "French-ch U16-U18 2024"]
[Site "Agen"]
[Date "2024.04.14"]
[Round "1.18"]
[White "Belkaid, Sohan"]
[Black "Journault, Paul"]
[Result "1-0"]
[ECO "B11"]
[WhiteElo "2412"]
[BlackElo "1765"]
[Annotator "TA"]
[PlyCount "47"]
[EventDate "2024.04.14"]
[EventType "swiss"]
[EventCountry "FRA"]
[SourceTitle "playchess.com"]
[Source "ChessBase"]
[SourceQuality "1"]
[TimeControl "5400+30"]

1. e4 c6 2. Nc3 d5 3. Nf3 Nf6 4. e5 Ne4 5. Ne2 Bg4 ({Black should play} 5... Qb6 $11 6. d4 e6) 6. Nfg1 $14 {[%emt 0:01:20] f3 would now be deadly.} Bc8 7. d3 Nc5 8. d4 {[%emt 0:00:15] White is slightly better.} Nca6 9. c3 c5 10. Nf4 e6 11. Nf3 {[%emt 0:00:34] White has more active pieces.} Be7 12. h4 Qb6 13. Bd3 Nc6 14. a3 cxd4 15. cxd4 Bd7 16. Bc2 (16. O-O $16) 16... Rc8 17. b4 Nab8 18. Rb1 a6 19. O-O Na7 20. a4 {[%emt 0:02:47] Prevents Nb5} Bxb4 $2 {[%emt 0:04:51] Loses the game.} (20... O-O $16 21. Ng5 Bxg5) 21. Nh5 Kf8 $2 (21... h6 22. Nxg7+ Kd8) 22. Ng5 $18 {[%emt 0:01:49] White is clearly winning.} g6 {[%emt 0:13:13] [#]} 23. Qf3 $1 f5 {[%emt 0:04:16] [#]} 24. Rxb4 $1 {[%emt 0:00:51][%mdl 512] Weighted Error Value: White=0.15 (very precise) /Black=0.31.  Loses game:     	---       	Black=1      Mistake:       	White=1     	Black=1      Inaccurate:     	---       	Black=3      OK:         	White=4     	Black=5      Best:        	White=1     	---} 1-0

[Event "French-ch U16-U18 2024"]
[Site "Agen"]
[Date "2024.04.14"]
[Round "1.19"]
[White "Constant, Theo"]
[Black "Bat, Bilguun"]
[Result "0-1"]
[ECO "B52"]
[WhiteElo "1759"]
[BlackElo "2360"]
[Annotator "TA"]
[PlyCount "90"]
[EventDate "2024.04.14"]
[EventType "swiss"]
[EventCountry "FRA"]
[SourceTitle "playchess.com"]
[Source "ChessBase"]
[SourceQuality "1"]
[TimeControl "5400+30"]

1. e4 c5 2. Nf3 d6 3. Bb5+ Bd7 4. Bxd7+ Nxd7 5. O-O Ngf6 6. d3 e6 7. Re1 Be7 8. c3 O-O 9. d4 cxd4 10. cxd4 Nb6 {[%emt 0:04:48][%cal Bd7b6,Bb6c4,Bc4a5,Ba5c6][%mdl 32] The position is equal.} 11. Nc3 d5 12. e5 Nfd7 13. Bf4 Rc8 14. Rc1 Nc4 15. b3 Na5 16. Qd3 Nc6 17. Re2 a6 18. Qe3 Qa5 19. Nb1 Nb4 20. a3 Nc6 21. b4 Qd8 (21... Qa4 $15) 22. Rec2 $11 Nb6 23. Nbd2 {[%emt 0:00:14] Prevents Nc4} Qd7 24. h4 (24. Qd3 $11) 24... a5 $17 25. b5 (25. Bg5 $15) 25... Na7 26. Rxc8 $2 {[%emt 0:00:06] Now White is beyond hope.} (26. Bg5 $17 {keeps fighting.}) 26... Rxc8 $19 27. Rxc8+ Qxc8 28. h5 Qc1+ ({But not} 28... Nxb5 29. Bg5 Bxa3 (29... Qc1+ $2 30. Kh2 $19) 30. h6 $19) 29. Kh2 Qxa3 (29... Nxb5 30. Bg5 Qxa3 (30... Bxa3 $2 31. h6 $19) 31. Bxe7 Qxe7 32. Qb3) 30. Qe2 h6 31. g4 Qb2 32. Qd3 Qxb5 33. Qc2 Qc6 34. Qd3 Nc4 35. g5 Nxd2 36. Qxd2 Bb4 37. Qe3 (37. Qd1 hxg5 38. Nxg5) 37... Qc3 {[%emt 0:00:21] Black is clearly winning.} 38. gxh6 Qxe3 39. Bxe3 gxh6 40. Bxh6 {[%emt 0:00:05][%mdl 4096] Endgame. KBN-KBN} a4 {[%emt 0:00:41] [#] ...a3 would now be deadly.} 41. Bc1 a3 42. h6 a2 43. Bb2 Bf8 (43... Nb5 $142 44. Ng5 Bc3 45. h7+ Kh8 46. Nxf7+ Kxh7 47. Ng5+ Kg8) 44. Ne1 Bxh6 {[%emt 0:00:05][%cal Oh6c1] [#] aiming for ...Bc1!} 45. Nc2 Bd2 {[%emt 0:00:07] Weighted Error Value: White=0.80/Black=0.43.  Loses game:     	White=1     	---        Mistake:       	White=3     	Black=1      Inaccurate:     	White=4     	Black=1      OK:         	White=11    	Black=14     Best:        	White=1     	Black=3} 0-1

[Event "French-ch U16-U18 2024"]
[Site "Agen"]
[Date "2024.04.14"]
[Round "1.20"]
[White "Fischler, Oscar"]
[Black "Ghazaryan, Gurgen"]
[Result "1-0"]
[ECO "E01"]
[WhiteElo "2275"]
[BlackElo "1750"]
[Annotator "TA"]
[PlyCount "160"]
[EventDate "2024.04.14"]
[EventType "swiss"]
[EventCountry "FRA"]
[SourceTitle "playchess.com"]
[Source "ChessBase"]
[SourceQuality "1"]
[TimeControl "5400+30"]

1. d4 Nf6 2. c4 e6 3. g3 d5 4. Bg2 c6 5. Nf3 Bb4+ 6. Nbd2 O-O 7. O-O Nbd7 8. Qc2 Re8 9. Rd1 {[%emt 0:08:29] White is slightly better.} e5 10. dxe5 Nxe5 11. Nxe5 Rxe5 12. Nf3 Re8 13. cxd5 cxd5 14. Bf4 {[%emt 0:05:58] White is more active.} Qe7 15. Nd4 Bg4 16. Bf1 Rac8 17. Qd3 Bc5 18. h3 Bh5 19. Rac1 Qe4 (19... h6 $11) 20. Qxe4 $16 Nxe4 21. g4 Bg6 22. e3 Bb6 23. Nf3 f6 24. Bb5 Rxc1 25. Rxc1 Rd8 26. Nd4 Nd6 (26... Nc5 $11 {remains equal.}) 27. Ba4 (27. Ne6 $16 Rc8 (27... Nxb5 $2 28. Nxd8 d4 29. Nxb7 $18) 28. Rxc8+ (28. Bxd6 $2 Rxc1+ 29. Kg2 Be4+ 30. f3 Bb1 $19) 28... Nxc8 29. Bd7) 27... Rc8 28. Rxc8+ Nxc8 29. Bd7 Bxd4 30. exd4 $11 {[%emt 0:00:24][%mdl 4096] Endgame. KBB-KBN} Nb6 31. Bb5 Bb1 32. a3 a6 33. Be2 Nc4 34. Bc1 Kf7 35. Kg2 g5 36. Kg3 h6 37. h4 Nd6 38. f3 Ke6 39. Bd2 Nc4 40. Bc3 Bc2 41. f4 b6 ({Black should try} 41... b5 $11) 42. fxg5 ({White should play} 42. f5+ $14 Kf7 43. Bxc4 dxc4 44. d5) 42... fxg5 43. h5 a5 44. Bxc4 dxc4 {[%emt 0:00:13] [#] KB-KB} 45. d5+ $1 Kf7 (45... Kxd5 {simplifies} 46. Bg7 Ke6 47. Bxh6 Kf6) 46. d6 {[%emt 0:03:34][%cal Oc3g7] And now Bg7! would win.} Ba4 $1 47. Bd4 Bd7 48. Bxb6 a4 49. Bd4 Bc8 50. Kf3 Bd7 51. Ke4 {[%emt 0:02:21] [#] Hoping for Kd5.} Bxg4 52. Kd5 {[%emt 0:00:03] Kc6 would now be deadly.} Bf3+ 53. Kc5 {[%emt 0:01:26] Threatens to win with Kb6.} Ke8 54. Bg7 (54. Kxc4 $6 Bxh5 55. Bg7 g4 $11) 54... g4 55. Bxh6 (55. Kxc4 g3 $11) 55... g3 56. Kb5 Kd7 57. Kxa4 Bxh5 ({Much weaker is} 57... Kxd6 $6 58. Bf4+ Kd5 59. h6 $16 (59. Bxg3 Bxh5 60. Kb4 Be2 $14)) (57... g2 $5 58. Be3 $8 c3 59. bxc3 Bxh5 $11) 58. Bf4 g2 59. Bh2 g1=Q 60. Bxg1 Kxd6 61. Kb5 Be2 62. Kb6 Bd1 63. Kb5 Be2 {[%emt 0:00:13] ( -> ...c3+)} 64. Kb6 Bd1 65. Bd4 Kd7 ({Better is} 65... Ba4 $14) 66. Be5 (66. Bc3 $16) 66... Kc8 (66... Ke6 $1 $14) 67. Kb5 Be2 68. Bc3 Kb7 69. a4 Bd3 70. a5 Be2 71. a6+ Ka8 72. Kb6 Bd3 73. a7 Be2 74. Bd4 Bd3 75. Ka5 Be2 76. Kb4 Bd3 77. Kc3 Be2 78. Be3 Bf1 79. Kd2 Bd3 ({Don't play} 79... Bg2 80. Bd4 $11) 80. b4 (80. Bc5 $16) 80... cxb3 {[%emt 0:00:00][%mdl 32768] Weighted Error Value: White=0.11 (very precise) /Black=0.14 (very precise) .  Mistake:       	White=4     	Black=5      Inaccurate:     	White=7     	Black=5      OK:         	White=31    	Black=29     Best:        	White=3     	Black=5      Strong:       	---       	Black=1     . Loss on time!?} 1-0

[Event "French-ch U16-U18 2024"]
[Site "Agen"]
[Date "2024.04.15"]
[Round "2.1"]
[White "Sarishvili, Mariam"]
[Black "Famel, Diane"]
[Result "0-1"]
[ECO "A05"]
[WhiteElo "1719"]
[BlackElo "1888"]
[Annotator "NA RC"]
[PlyCount "98"]
[EventDate "2024.04.14"]
[EventType "swiss"]
[EventCountry "FRA"]
[SourceTitle "playchess.com"]
[Source "ChessBase"]
[SourceQuality "1"]
[TimeControl "5400+30"]

1. Nf3 Nf6 2. g3 g6 3. d3 Bg7 4. Bg2 O-O 5. O-O d6 6. e4 c5 7. Nbd2 Nc6 8. c3 Ne8 9. Ne1 {[%emt 0:09:08] A05: Réti Opening: 1 Nf3 Nf6.} e6 10. f4 d5 11. Nb3 b6 12. e5 Bb7 13. d4 c4 (13... cxd4 $14 14. Nxd4 Qd7) 14. Nd2 Nc7 15. Nc2 Rb8 16. h4 b5 17. Nf3 a5 18. Bd2 Ba8 19. g4 Ne7 $16 20. Kf2 (20. h5 $16) 20... Na6 21. Bh3 f5 22. exf6 Rxf6 23. g5 Rf8 24. Bxe6+ Kh8 25. Rh1 Qd6 26. Qe2 Nc7 27. Bg4 Rbe8 28. h5 Nf5 29. Qf1 Kg8 30. Bxf5 Rxf5 31. hxg6 hxg6 32. Qh3 Kf8 33. Rae1 Rxe1 34. Rxe1 Ne6 35. Ne5 Nxf4 36. Bxf4 Rxf4+ 37. Kg3 Rf5 38. Kh4 Bb7 39. Ne3 Rf4+ 40. N3g4 Bc8 41. Qg3 Rf5 42. Nf6 Rxf6 43. Qh2 Rf5 44. a3 Bxe5 45. dxe5 Qe7 46. Qg2 Qh7+ 47. Kg3 Rxg5+ 48. Kf3 Qf7+ 49. Ke3 Rxg2 0-1